 Dungeon Crawl Stone Soup version 0.17.2 (webtiles) character file.

354 Shtopit the Skirmisher (level 6, -1/58 HPs)
             Began as a Gargoyle Berserker on May 13, 2016.
             Was an Elder of Trog.
             Slain by an iguana (3 damage)
             ... on level 4 of the Dungeon.
             The game lasted 00:07:09 (3507 turns).

Shtopit the Skirmisher (Gargoyle Berserker)         Turns: 3507, Time: 00:07:09

Health: -1/58      AC:  9    Str: 28    XL:     6   Next: 62%
Magic:  6/6        EV: 12    Int:  7    God:    Trog [****..]
Gold:   173        SH:  0    Dex:  9    Spells: 0 memorised, 5 levels left

rFire  . . .     SeeInvis .     a - +0 falchion
rCold  . . .     Clarity  .     r - +0 leather armour (curse)
rNeg   + . .     SustAt   .     (no shield)
rPois  ∞         Gourm    .     i - +1 hat
rElec  +         Spirit   .     (no cloak)
rCorr  .         Warding  .     u - +0 pair of gloves
rMut   .         Stasis   .     (no boots)
MR     .....                    (no amulet)
Stlth  ..........               (no ring)
                                (no ring)

@: berserking, very quick, not resistant to hostile enchantments, extremely
unstealthy
A: negative energy resistance 1, electricity resistance, unbreathing,
petrification resistance, rot immunity, AC +4
a: Berserk, Trog's Hand, Brothers in Arms, Burn Spellbooks, Renounce Religion


You were on level 4 of the Dungeon.
You worshipped Trog.
Trog was greatly pleased with you.
You were not hungry.

You visited 1 branch of the dungeon, and saw 4 of its levels.

You collected 173 gold pieces.

Inventory:

Hand Weapons
 a - a +0 falchion (weapon)
Armour
 b - a +0 animal skin
 i - a +1 hat (worn)
 o - a +0 ring mail
 q - a -1 chain mail
 r - a cursed +0 leather armour (worn)
 u - a +0 pair of gloves (worn)
Jewellery
 j - a cursed ring of teleportation {unknown}
Scrolls
 d - 5 scrolls of remove curse
 g - 5 scrolls of identify {unknown}
 k - a scroll of random uselessness {unknown}
 n - 2 scrolls of magic mapping {unknown}
 s - a scroll of enchant armour {unknown}
Potions
 e - a potion of magic {unknown}
 h - a potion of ambrosia {unknown}
 l - a potion of curing {unknown}
 m - a potion of beneficial mutation {unknown}
 p - a potion of haste {unknown}
 t - a potion of degeneration {unknown}
Comestibles
 c - 2 bread rations
 f - 3 meat rations
 v - a beef jerky


   Skills:
 + Level 4.6 Fighting
 + Level 3.7 Long Blades
 + Level 3.1 Armour
 + Level 3.9 Dodging
 + Level 1.2 Stealth


You had 5 spell levels left.
You didn't know any spells.

Dungeon Overview and Level Annotations

Branches:
Dungeon (4/15)
 Temple: D:4-7

Altars:
Nemelex Xobeh


Innate Abilities, Weirdness & Mutations

You are resistant to torment.
Your stone body is resilient (AC +4).
You are immune to poison.
You resist negative energy.
You are resistant to electric shocks.
You can survive without breathing.
You are immune to petrification.
You are immune to rotting.


Message History

Trog accepts your kill.
You slash the kobold!
You kill the kobold!
Trog accepts your kill. The iguana closely misses you.
Things that are here:
25 stones; a shortbow; 30 arrows You slash the iguana!
The iguana is moderately wounded.
The iguana misses you.
You hit the iguana.
The iguana is heavily wounded.
You closely miss the iguana.
The iguana is heavily wounded.
The iguana bites you.
* * * LOW HITPOINT WARNING * * *
You slash the iguana!
The iguana is almost dead.
The iguana bites you.
You die...

#... ###....# ##..#
#.....##
#...#########.....#
#.#...............# .##
##....#########....#
....#...#.# #..).#
##....(..# ####....#
.........## #.......#
#..##.##@# ..##....#
##......l....# # #....#
###...............###.##
#..>#.#########. #...
#..##.# # #..# .... #..
#... #... ### #.....##
..## #.###### #


You could see an iguana.

Vanquished Creatures
  A centaur (D:4)
  An orc wizard (D:3)
  A hound (D:4)
  An orc priest (D:3)
  An iguana (D:4)
  6 adders
  4 worms
  4 giant geckos
  10 orcs (D:3)
  2 ball pythons (D:1)
  9 bats
  4 giant cockroaches
  9 goblins
  9 hobgoblins
  2 quokkas (D:2)
  2 giant newts (D:1)
  9 kobolds
  10 rats
85 creatures vanquished.

Notes
Turn   | Place    | Note
--------------------------------------------------------------
     0 | D:1      | Shtopit the Gargoyle Berserker began the quest for the Orb.
     0 | D:1      | Reached XP level 1. HP: 14/14 MP: 1/1
   167 | D:1      | Reached XP level 2. HP: 13/19 MP: 2/2
   366 | D:1      | Found a sparkling altar of Nemelex Xobeh.
   496 | D:1      | Reached ** piety under Trog
   649 | D:1      | Reached XP level 3. HP: 23/23 MP: 3/3
  1465 | D:2      | Reached XP level 4. HP: 29/29 MP: 4/4
  1924 | D:2      | Reached *** piety under Trog
  2095 | D:3      | Reached skill level 1 in Stealth
  2260 | D:3      | Reached skill level 4 in Fighting
  2522 | D:3      | Reached XP level 5. HP: 28/33 MP: 5/5
  3453 | D:4      | Reached XP level 6. HP: 25/39 MP: 6/6
  3481 | D:4      | Noticed a centaur
  3498 | D:4      | Killed a centaur
  3498 | D:4      | Reached **** piety under Trog
  3506 | D:4      | HP: 2/58 [iguana (4)]
  3507 | D:4      | Slain by an iguana

Action                   |  1- 3 |  4- 6 || total
-------------------------+-------+-------++-------
Melee: Falchion          |   125 |   224 ||   349
Invok: Berserk           |       |     3 ||     3
  Use: Scroll            |       |     1 ||     1
 Stab: Sleeping          |     1 |       ||     1
  Eat: Chunk             |     2 |     9 ||    11
